Map: Eternal Empire LE

Players

MarineLorD

  • Race: Terran Terran
  • League: Master
  • Spawn Location: 1:00

Serral - Winner!

  • Race: Zerg Zerg
  • League: Master
  • Spawn Location: 7:00

Event: DreamHack SC2 Masters 2020 Fall

VOD

Have the link to the VOD?

Description

Time

  • Played on: Sept. 12, 2020, 4 p.m.
  • Length: 10:43

All games in this series

Show
View Real Time Build Order
Export as new Build Order

MarineLorD Terran 

Build Orders: Gas First Reaper Expand 

Get SALT Encoding   

  12  0:00  SCV  
  13  0:12  SCV  
  14  0:17  Supply Depot  
  14  0:24  SCV  
  15  0:29  Refinery  
  15  0:38  SCV  
  16  0:44  Barracks  
  16  0:50  SCV  
  17  1:03  SCV  
  18  1:15  SCV  
  19  1:31  Orbital Command, Reaper  
  20  1:44  Command Center  
  20  1:55  Factory  
  20  1:59  SCV  
  21  2:07  Barracks Reactor  
  21  2:12  SCV  
  21  2:15  Supply Depot  
  22  2:18  Refinery  
  22  2:25  SCV  
  23  2:37  SCV  
  24  2:48  Starport  
  24  2:49  Hellion x2  
  24  2:50  SCV  
  29  3:00  Orbital Command  
  29  3:03  SCV  
  30  3:13  Hellion x2  
  30  3:16  SCV  
  35  3:26  SCV  
  36  3:27  Fusion Core  
  36  3:29  Marine  
  36  3:30  SCV  
  38  3:39  SCV, Supply Depot  
  39  3:43  SCV  
  39  3:46  Starport Tech Lab  
  40  3:51  SCV  
  40  3:55  SCV  
  42  4:02  Supply Depot  
  42  4:03  SCV  
  42  4:07  SCV  
  44  4:16  Command Center  
  44  4:17  SCV  
  44  4:23  Battlecruiser  
  51  4:25  SCV  
  51  4:29  SCV  
  51  4:31  Supply Depot  
  53  4:37  SCV  
  54  4:41  Weapon Refit  
  54  4:42  SCV  
  55  4:46  Refinery  
  55  4:47  Refinery  
  55  4:49  SCV  
  60  4:53  Hellion x2  
  60  4:55  Supply Depot  
  60  4:58  SCV  
  61  5:01  SCV  
  62  5:10  SCV  
  62  5:13  SCV  
  64  5:15  Hellion x2  
  68  5:22  SCV  
  68  5:25  SCV  
  70  5:29  Battlecruiser  
  70  5:34  SCV  
  76  5:36  Hellion x2  
  76  5:37  SCV  
  76  5:42  Orbital Command  
  80  5:47  SCV  
  80  5:49  SCV  
  82  5:57  Factory  
  82  5:58  Factory  
  82  5:59  SCV  
  82  6:01  SCV  
  84  6:04  Hellion x2  
  84  6:06  Armory  
  84  6:07  Supply Depot  
  84  6:09  Orbital Command  
  84  6:10  Armory, Supply Depot  
  88  6:15  SCV  
  90  6:18  SCV  
  90  6:26  Refinery  
  90  6:27  SCV  
  90  6:28  Refinery  
  90  6:30  SCV  
  92  6:34  Battlecruiser  
  92  6:36  SCV  
  92  6:39  SCV  
  100  6:42  Factory Tech Lab, SCV  
  100  6:43  Factory Tech Lab  
  101  6:49  SCV, Supply Depot  
  101  6:51  SCV  
  103  6:54  SCV  
  103  7:00  Terran Vehicle And Ship Armor Level 1, Terran Vehicle Weapons Level 1, Widow Mine  
  103  7:01  Widow Mine  
  107  7:06  SCV x2  
  107  7:08  Supply Depot  
  109  7:11  SCV  
  109  7:13  Supply Depot  
  109  7:15  Cyclone x2  
  116  7:18  SCV  
  117  7:23  SCV x2  
  117  7:29  Hellion  
  119  7:30  Hellion, SCV, Supply Depot  
  119  7:35  SCV x2  
  118  7:42  SCV  
  110  7:47  SCV x2  
  108  7:53  Cyclone x2  
  108  7:54  SCV  
  99  8:00  SCV x2  
  99  8:01  Mag-Field Accelerator  
  97  8:07  SCV  
  97  8:12  SCV x2  
  100  8:13  Engineering Bay  
  100  8:19  SCV  
  101  8:24  SCV x2  
  103  8:29  Cyclone, Supply Depot x2  
  103  8:31  SCV  
  103  8:32  Cyclone  
  110  8:36  SCV x2  
  112  8:43  SCV  
  112  8:46  Command Center  
  112  8:48  SCV  
  114  8:51  SCV  
  114  8:55  SCV  
  116  9:00  SCV  
  116  9:02  Hellion x2, Cyclone  
  124  9:03  SCV  
  124  9:07  SCV  
  125  9:12  SCV  
  125  9:15  SCV  
  125  9:16  Cyclone  
  121  9:19  SCV  
  121  9:23  Hellion x2  
  121  9:24  SCV  
  121  9:27  SCV  
  117  9:31  SCV  
  117  9:34  Cyclone  
  117  9:36  SCV  
  112  9:39  SCV  
  112  9:43  SCV  
  112  9:45  Hellion x2  
  102  9:48  Cyclone  
  74  10:06  Hellion  
Show
View Real Time Build Order
Export as new Build Order

Serral Zerg - Winner!

Build Orders: Hatch First 

Get SALT Encoding   

  12  0:00  Drone  
  13  0:12  Overlord  
  13  0:17  Drone  
  14  0:31  Drone x2  
  16  0:47  Hatchery  
  15  0:51  Drone  
  15  0:55  Drone  
  17  0:59  Drone  
  18  1:09  Extractor  
  17  1:13  Spawning Pool  
  17  1:16  Drone  
  17  1:20  Drone  
  18  1:28  Drone  
  19  1:38  Drone  
  20  1:49  Overlord  
  20  1:59  Queen  
  20  2:00  Queen, Zergling x4  
  26  2:10  Drone  
  26  2:11  Drone  
  26  2:14  Metabolic Boost  
  28  2:22  Drone x2  
  30  2:33  Overlord  
  30  2:35  Queen  
  32  2:38  Drone  
  32  2:43  Drone x2  
  35  2:49  Pneumatized Carapace  
  35  2:53  Drone  
  36  3:00  Drone  
  37  3:07  Drone, Hatchery  
  37  3:11  Drone  
  37  3:12  Drone  
  39  3:14  Drone  
  39  3:17  Overlord  
  40  3:23  Zergling x2  
  40  3:24  Drone  
  42  3:32  Queen  
  44  3:35  Queen  
  44  3:37  Overlord  
  44  3:39  Drone  
  44  3:40  Drone  
  48  3:44  Drone x2  
  48  3:47  Drone  
  48  3:48  Drone  
  52  3:55  Overlord  
  52  3:57  Zergling x2  
  52  3:58  Zergling x2  
  52  3:59  Drone x2  
  56  4:06  Drone  
  56  4:07  Zergling x2  
  56  4:09  Roach Warren  
  57  4:13  Drone  
  58  4:17  Queen  
  58  4:19  Overlord  
  58  4:20  Drone x3  
  58  4:24  Queen  
  63  4:27  Drone x2  
  67  4:32  Lair  
  67  4:33  Drone  
  68  4:39  Zergling x4  
  68  4:41  Drone  
  68  4:44  Overlord  
  68  4:45  Drone x2  
  73  4:47  Drone  
  73  4:50  Drone x2  
  75  4:53  Extractor  
  75  4:57  Roach, Overlord  
  75  4:59  Roach  
  78  5:03  Spore Crawler  
  78  5:04  Extractor, Spore Crawler  
  78  5:05  Spore Crawler  
  78  5:06  Roach x2  
  78  5:09  Drone  
  79  5:15  Roach  
  79  5:18  Drone  
  79  5:19  Drone x3  
  79  5:20  Evolution Chamber  
  79  5:21  Overlord  
  84  5:25  Drone  
  84  5:26  Drone x3  
  88  5:29  Drone  
  88  5:35  Drone x2  
  91  5:40  Drone  
  91  5:41  Drone x2  
  95  5:42  Drone  
  95  5:48  Drone  
  95  5:49  Hatchery  
  93  5:51  Drone x2  
  93  5:52  Drone x2  
  93  5:54  Glial Reconstitution  
  93  5:55  Extractor, Zerg Missile Weapons Level 1  
  96  5:57  Drone x2  
  96  6:02  Extractor  
  96  6:03  Extractor  
  96  6:07  Overlord, Spire  
  96  6:09  Drone x5  
  100  6:13  Spore Crawler  
  100  6:14  Drone  
  100  6:18  Drone  
  100  6:19  Spore Crawler  
  100  6:22  Drone  
  100  6:23  Drone  
  102  6:28  Overlord  
  102  6:31  Drone  
  103  6:38  Roach x5  
  113  6:42  Unknown  
  113  6:46  Overlord  
  112  6:47  Overlord  
  112  6:51  Drone x2  
  112  6:54  Roach x2  
  115  7:05  Overlord x2  
  111  7:19  Corruptor x8  
  126  7:26  Corruptor  
  128  7:30  Drone x2  
  128  7:34  Overlord  
  128  7:35  Drone x7  
  135  7:39  Overlord  
  135  7:41  Drone x8  
  136  7:49  Queen  
  126  7:51  Overlord, Unknown  
  126  7:52  Overlord  
  126  7:53  Drone  
  126  7:56  Zerg Flyer Weapons Level 1  
  126  7:58  Roach  
  124  8:00  Hatchery  
  124  8:01  Roach x3  
  119  8:06  Roach x3  
  119  8:07  Roach  
  127  8:18  Roach x7  
  141  8:21  Corruptor  
  141  8:24  Queen  
  145  8:30  Ravager x8  
  153  8:39  Overlord x2  
  153  8:42  Infestation Pit  
  153  8:43  Roach x4, Zergling x14  
  153  8:47  Ravager x2  
  169  8:52  Roach x2, Zergling x4  
  175  8:56  Evolution Chamber  
  175  9:01  Ravager  
  175  9:05  Roach x2, Zergling x16  
  168  9:18  Roach  
  168  9:19  Roach x6  
  168  9:20  Corruptor x3  
  182  9:33  Corruptor x2  
  182  9:37  Roach x3, Zergling x8  
  182  9:38  Zergling x8  
  191  9:44  Overlord  
  175  9:50  Roach x2  
  175  9:51  Roach x2  
  178  9:55  Roach x5  

Tags
 
Add a new tag
Caveats
  • Supply blocks, unpowered buildings, or Contaminate may cause inaccurate times.
  • Supply counts are checked every 10 seconds.